 Dungeon Crawl Stone Soup version 0.18.1-8-gdd0e5ea (webtiles) character file.

33929 Lul the Reanimator (level 13, -3/90 HPs)
             Began as a Vampire Necromancer on May 31, 2016.
             Was an Elder of Ashenzari.
             Slain by a minotaur
             ... wielding a +3 iron rod (8/14)
              (15 damage)
             ... in a labyrinth.
             The game lasted 02:48:36 (21243 turns).

Lul the Reanimator (Vampire Necromancer)           Turns: 21243, Time: 02:48:36

Health: -3/90      AC:  8    Str: 12    XL:     13   Next: 39%
Magic:  21/27      EV: 18    Int: 23    God:    Ashenzari [****..]
Gold:   834        SH:  0    Dex: 14    Spells: 9 memorised, 6 levels left

rFire  . . .     SeeInvis +     s - +0 dagger (drain) (curse)
rCold  + . .     Gourm    .     x - +2 leather armour {MR+} (curse)
rNeg   + + .     Faith    .     (no shield)
rPois  +         Spirit   .     i - +1 hat (curse)
rElec  .         Dismiss  .     d - +0 cloak (curse)
rCorr  .         Reflect  .     I - +0 pair of gloves (curse)
SustAt +         Harm     .     (no boots)
MR     ++...     Clarity  +     p - amulet of Liplufaw {rPois Regen+} (curse)
Stlth  ++++++....               A - ring of stealth (curse)
                                l - ring of sustain attributes (curse)

@: mighty, regenerating slowly, very resistant to hostile enchantments, very
stealthy
A: fangs 3, see invisible, unbreathing
a: Bat Form, Curse Item, Scrying, Renounce Religion


You were in a labyrinth.
You worshipped Ashenzari.
Ashenzari was greatly pleased with you.
You were very thirsty.

You visited 2 branches of the dungeon, and saw 15 of its levels.
You also visited: Labyrinth and Ice Cave.

You collected 834 gold pieces.

Inventory:

Hand Weapons
 n - a +3 dagger
 s - a cursed +0 dagger of draining (weapon)
Armour
 d - a cursed +0 cloak (worn)
 i - a cursed +1 hat (worn)
 x - a cursed +2 leather armour of magic resistance (worn)
 I - a cursed +0 pair of gloves (worn)
Jewellery
 l - a cursed ring of sustain attributes (left hand)
 p - the cursed amulet of Liplufaw (around neck) {rPois Regen+}
   (You acquired it on level 4 of the Lair of Beasts)

   [amulet of regeneration]

   It protects you from poison.
   It increases your rate of regeneration.
   It has a curse placed upon it.
 A - a cursed ring of stealth (right hand)
Wands
 m - a wand of iceblast (4/15)
 u - a wand of iceblast (4/15)
 C - a wand of slowing (22/48)
 D - a wand of digging (16/24)
 F - a wand of slowing (24/48)
 M - a wand of enslavement (6/24)
 N - a wand of polymorph (11/24)
 R - a wand of enslavement (8/24)
 T - a wand of iceblast (9/15)
Scrolls
 f - a scroll of amnesia
 g - a scroll of remove curse
 o - 2 scrolls of fear
 q - a scroll of recharging
 w - 3 scrolls of magic mapping
 y - 2 scrolls of identify
 H - 3 scrolls of teleportation
 J - a scroll of blinking
Potions
 a - 2 potions of might
 c - a potion of agility
 h - 5 potions of flight
 k - 3 potions of brilliance
 r - 2 potions of haste
 v - a potion of cancellation
 B - a potion of cure mutation
 E - 2 potions of blood
 L - a potion of magic
 P - a potion of invisibility
 Q - 2 potions of curing
 U - 2 potions of heal wounds
Books
 b - a book of Necromancy

   Spells                             Type                      Level
   a - Pain                           Necromancy                   1
   b - Animate Skeleton               Necromancy                   1
   c - Vampiric Draining              Necromancy                   3
   d - Regeneration                   Charms/Necromancy            3
   e - Animate Dead                   Necromancy                   4
   f - Control Undead                 Necromancy                   4
 e - a book of Misfortune

   Spells                             Type                      Level
   a - Confusing Touch                Hexes                        2
   b - Confuse                        Hexes                        3
   c - Gell's Gravitas                Hexes/Translocation          3
   d - Petrify                        Transmutation/Earth          4
   e - Metabolic Englaciation         Hexes/Ice                    5
   f - Yara's Violent Unravelling     Hexes/Transmutation          5
 j - a Necronomicon

   Spells                             Type                      Level
   a - Haunt                          Necromancy/Summoning         7
   b - Borgnjor's Revivification      Necromancy                   8
   c - Death's Door                   Charms/Necromancy            8
   d - Necromutation                  Transmutation/Necromancy     8
 z - a book of Power

   Spells                             Type                      Level
   a - Fulminant Prism                Conjuration/Hexes            4
   b - Iskenderun's Mystic Blast      Conjuration                  4
   c - Venom Bolt                     Conjuration/Poison           5
   d - Bolt of Magma                  Conjuration/Fire/Earth       5
   e - Iron Shot                      Conjuration/Earth            6
   f - Orb of Destruction             Conjuration                  7
   g - Spellforged Servitor           Conjuration/Summoning        7
Miscellaneous
 t - a lamp of fire


   Skills:
 + Level 4.9 Fighting
 + Level 9.9(13.2) Short Blades
 + Level 3.9 Armour
 + Level 9.8(11.9) Dodging
 + Level 8.2(10.5) Stealth
 + Level 10.9 Spellcasting
 + Level 4.1(7.3) Conjurations
 + Level 2.4(5.2) Hexes
 + Level 3.2(6.3) Charms
 + Level 11.3(14.4) Necromancy
 + Level 0.1(0.6) Evocations


You had 6 spell levels left.
You knew the following spells:

 Your Spells              Type           Power        Failure   Level  Hunger
a - Pain                  Necr           ####         1%          1    None
b - Animate Skeleton      Necr           N/A          1%          1    None
c - Vampiric Draining     Necr           ######....   1%          3    None
d - Regeneration          Chrm/Necr      ######....   1%          3    None
e - Control Undead        Necr           ######....   1%          4    None
f - Confuse               Hex            #####...     2%          3    None
g - Animate Dead          Necr           N/A          1%          4    None
h - Fulminant Prism       Conj/Hex       #####.....   6%          4    None
i - Iskenderun's Mystic   Conj           #####...     3%          4    None


Dungeon Overview and Level Annotations

Branches:
Dungeon (10/15)            Temple (0/1) D:5            Lair (5/8) D:10
  Swamp (0/4) Lair:3        Snake (0/4) Lair:4
    Orc: D:9-12

Altars:
Ashenzari
Dithmenos
Elyvilon
Fedhas
Kikubaaqudgha
Makhleb
Okawaru
Pakellas
Ru
Sif Muna
Trog
Vehumet
Xom
Zin
The Shining One

Shops:
D:7 [%*


Innate Abilities, Weirdness & Mutations

You heal slowly.
You have razor-sharp teeth.
You have supernaturally acute eyesight.
You can survive without breathing.


Message History

The minotaur gores you!!
Evoke which item? (* to show all) (? for menu, Esc to quit)
Okay, then.
Casting: Vampiric Draining
Confirm with . or Enter, or press ? or * to list all spells.
Okay, then.
Casting: Vampiric Draining
Confirm with . or Enter, or press ? or * to list all spells.
Aiming: Vampiric Draining
Press: ? - help, Shift-Dir - straight line, f/p - minotaur
Aim: a minotaur, wielding an iron rod, wearing a chain mail and wearing a brightly glowing jade amulet (almost dead, berserk, fast, unusually strong, lightly drained)
The minotaur is almost dead.
You feel life coursing into your body. The minotaur hits you with an iron rod.
The minotaur gores you!
* * * LOW HITPOINT WARNING * * *
The minotaur hits you with an iron rod.
* * * LOW HITPOINT WARNING * * *
The minotaur closely misses you. The minotaur misses you.
The minotaur gores you!
You die...

,###.*....*
#.# #. * ,
#.##.## # #
#.#. * #. *
#.......#
..#* * ..
#.#######.# ,
,, ,, * ,#
#.# #.
.....#, ** ,
, **, , #
,#.###.#.#,
,, , , * * ,*
...#.#.# ***
, * , , ,
###.#.###.# ,
,* , ** ,*
....#.@H.<#,,
,* * ,, , *##
#########, ,
,* * , , , ,
,, ***, ** ,
* * , ,,, , ,
, ,,*,* ,* ,
* * ** * * **
* * ** ,, , *
,,,, * , , *
, * ,* * , ,*
* ,,*, * , ,
, , * *, *
**, , *** *


You could see a minotaur (berserk).

Vanquished Creatures
  A hydra (Lair:3)
  An unseen horror (D:10)
  6 elephants (Lair:1)
  A griffon (Lair:2)
  A black mamba (Lair:4)
  2 spiny frogs
  2 rime drakes
  2 komodo dragons
  A tengu conjurer (D:10)
  A troll (D:10)
  4 blink frogs (Lair:3)
  A spriggan (D:10)
  A basilisk (Lair:4)
  A wyvern (D:9)
  23 yaks
  2 vampire mosquitoes (Lair:3)
  3 hippogriffs
  2 hungry ghosts
  2 wargs
  A naga (Lair:4)
  5 water moccasins
  6 porcupines
  A black bear (D:10)
  2 sky beasts
  6 orc warriors
  2 phantoms
  4 ogres
  8 wolves
  6 crocodiles
  7 giant frogs
  A wyvern zombie (D:8)
  2 wyvern skeletons
  4 scorpions
  2 wights (D:9)
  5 killer bees (D:8)
  A howler monkey (D:9)
  A giant frog zombie (D:9)
  A giant frog skeleton (D:6)
  A jelly (D:6)
  6 hounds
  4 centaur skeletons
  11 orc priests
  12 orc wizards
  5 iguanas
  9 worker ants
  22 sheep
  A hound zombie (D:9)
  2 worker ant zombies
  3 gnolls (D:7)
  12 adders
  2 howler monkey skeletons
  2 shadow imps
  9 white imps (Lair:3)
  An ooze (D:1)
  3 adder skeletons
  3 worms
  5 dart slugs
  4 giant geckos
  54 orcs
  A ball python (D:3)
  12 giant cockroaches
  13 goblins
  A hobgoblin (D:2)
  8 jackals
  6 kobolds
  2 quokkas
  6 bats
  4 giant newts
  A quokka skeleton (D:5)
  4 rats
351 creatures vanquished.

Vanquished Creatures (collateral kills)
  9 elephants (Lair:1)
  2 spiny frogs
  A komodo dragon (Lair:1)
  2 blink frogs (Lair:3)
  A yak (Lair:4)
  Grum (D:8)
  A hippogriff (Lair:2)
  3 vampire mosquitoes (Lair:3)
  A warg (D:9)
  3 nagas (Lair:4)
  2 water moccasins
  4 porcupines
  A phantom (D:6)
  3 wolves
  2 crocodiles
  2 giant frogs
  3 wights (D:9)
  A centaur zombie (D:6)
  A quasit (D:8)
  A hound (D:7)
  A worker ant zombie (D:9)
  21 river rats
  3 white imps (Lair:3)
  A worm (D:2)
  A dart slug (D:1)
  2 orcs (D:6)
  8 fungi
  4 plants (Lair:1)
85 creatures vanquished.

Vanquished Creatures (others)
  2 fulminant prisms
  45 fungi
  23 plants
70 creatures vanquished.

Grand Total: 506 creatures vanquished

Notes
Turn   | Place    | Note
--------------------------------------------------------------
     0 | D:1      | Lul the Vampire Necromancer began the quest for the Orb.
     0 | D:1      | Reached XP level 1. HP: 13/13 MP: 3/3
   160 | D:1      | Reached XP level 2. HP: 16/19 MP: 0/5
   251 | D:1      | Learned a level 1 spell: Animate Skeleton
   408 | D:1      | Reached skill level 5 in Necromancy
   795 | D:1      | Reached XP level 3. HP: 24/24 MP: 3/6
  1135 | D:2      | Learned a level 3 spell: Vampiric Draining
  1202 | D:2      | Identified a -3 rod of ignition (11/11) (You found it on level 2 of the Dungeon)
  1986 | D:2      | Reached XP level 4. HP: 28/30 MP: 3/7
  2619 | D:3      | Found a shattered altar of Ashenzari.
  2623 | D:3      | Found a deep blue altar of Sif Muna.
  2801 | D:3      | Learned a level 3 spell: Regeneration
  2940 | D:3      | Found a burning altar of Makhleb.
  3154 | D:3      | Found a radiant altar of Vehumet.
  3366 | D:3      | Found an oddly glowing altar of Pakellas.
  3367 | D:3      | Found a shadowy altar of Dithmenos.
  3418 | D:3      | Reached XP level 5. HP: 35/36 MP: 6/9
  3992 | D:4      | Reached skill level 6 in Necromancy
  4008 | D:4      | Reached skill level 1 in Armour
  4008 | D:4      | Reached XP level 6. HP: 30/42 MP: 1/11
  4345 | D:4      | Reached skill level 1 in Fighting
  4364 | D:3      | Became a worshipper of Ashenzari the Shackled
  4629 | D:4      | Reached XP level 7. HP: 47/48 MP: 10/14
  4883 | D:4      | Reached skill level 5 in Spellcasting
  5011 | D:4      | Learned a level 4 spell: Control Undead
  5134 | D:4      | Reached skill level 7 in Necromancy
  5205 | D:5      | Entered Level 5 of the Dungeon
  5242 | D:5      | Learned a level 2 spell: Confusing Touch
  5278 | D:5      | Found a staircase to the Ecumenical Temple.
  5318 | D:5      | Found a glowing silver altar of Zin.
  5321 | D:5      | Noticed an angel
  5593 | D:5      | Found a shimmering altar of Xom.
  5952 | D:5      | Reached XP level 8. HP: 49/54 MP: 12/16
  6369 | D:6      | Reached skill level 1 in Charms
  6837 | D:6      | Reached * piety under Ashenzari
  6879 | D:6      | Found a sacrificial altar of Ru.
  7337 | D:6      | Learned a level 4 spell: Animate Dead
  7636 | D:6      | Learned a level 3 spell: Confuse
  8122 | D:6      | Reached skill level 1 in Hexes
  8122 | D:6      | Reached skill level 8 in Necromancy
  8271 | D:7      | Found Faisyph's Assorted Antiques.
  8339 | D:7      | Found a blossoming altar of Fedhas.
  8473 | D:7      | Reached XP level 9. HP: 44/61 MP: 4/19
  8480 | D:7      | Reached skill level 5 in Dodging
  8846 | D:6      | Reached skill level 1 in Short Blades
  8902 | D:7      | Found Eqaor's Armour Shoppe.
  9242 | D:7      | Found Bewi's Food Shop.
 10210 | D:8      | Reached skill level 9 in Necromancy
 11220 | D:8      | Reached XP level 10. HP: 38/68 MP: 3/22
 11521 | D:8      | Found a bloodstained altar of Trog.
 11522 | D:8      | Found an iron altar of Okawaru.
 12272 | D:9      | Found a white marble altar of Elyvilon.
 12316 | D:9      | Noticed Grum
 12354 | D:8      | HP: 2/68 [wolf[Grum] (8)]
 12532 | D:8      | Killed Grum
 12816 | D:9      | Reached skill level 10 in Necromancy
 12950 | D:9      | Found a blossoming altar of Fedhas.
 12950 | D:9      | Found an ancient bone altar of Kikubaaqudgha.
 13269 | D:9      | Reached ** piety under Ashenzari
 13514 | D:10     | Entered Level 10 of the Dungeon
 13758 | D:10     | Found a staircase to the Lair.
 13828 | D:10     | Noticed a gargoyle
 13971 | D:10     | Noticed an unseen horror
 14010 | D:10     | Killed an unseen horror
 14057 | D:10     | Learned a level 4 spell: Fulminant Prism
 14372 | D:10     | Noticed a gargoyle
 14535 | D:10     | Reached skill level 5 in Stealth
 14542 | D:10     | Reached XP level 11. HP: 52/75 MP: 5/24
 14606 | D:10     | Reached skill level 1 in Conjurations
 15166 | D:9      | Learned a level 4 spell: Iskenderun's Mystic Blast
 15298 | Lair:1   | Entered Level 1 of the Lair of Beasts
 15902 | Lair:1   | Reached *** piety under Ashenzari
 16707 | Lair:1   | Reached skill level 10 in Spellcasting
 17275 | Lair:2   | Noticed a griffon
 17286 | Lair:2   | Killed a griffon
 17655 | Lair:2   | Reached XP level 12. HP: 72/84 MP: 23/26
 17668 | Lair:2   | Identified a scroll of acquirement
 17673 | Lair:2   | Reached XP level 13. HP: 80/90 MP: 22/27
 18447 | Lair:3   | Found a frozen archway.
 18647 | IceCv    | Entered an ice cave
 19159 | Lair:3   | Reached **** piety under Ashenzari
 19240 | Lair:3   | Found a glowing golden altar of the Shining One.
 19275 | Lair:3   | Reached skill level 11 in Necromancy
 19360 | Lair:3   | Found a staircase to the Swamp.
 20430 | Lair:4   | Identified the cursed amulet of Liplufaw {rPois Regen+} (You acquired it on level 4 of the Lair of Beasts)
 20438 | Lair:4   | Found a staircase to the Snake Pit.
 21029 | Lair:5   | Found a labyrinth entrance.
 21038 | Lab      | Entered a labyrinth
 21236 | Lab      | Noticed a minotaur
 21243 | Lab      | Slain by a minotaur

Skill      XL: |  1  2  3  4  5  6  7  8  9 10 11 12 13 |
---------------+----------------------------------------+-----
Necromancy     | 5 6 7 8 9 10 11 | 11.3
Spellcasting   | 3 4 5 6 8 9 10 | 10.9
Armour         | 1 2 3 |  3.9
Fighting       | 1 2 3 4 |  4.9
Dodging        | 3 4 6 7 9 |  9.8
Charms         | 2 3 |  3.2
Hexes          | 1 2 |  2.4
Short Blades   | 1 3 9 |  9.9
Stealth        | 4 5 7 8 |  8.2
Conjurations   | 4 |  4.1
Evocations     | |  0.1

Action                   |  1- 3 |  4- 6 |  7- 9 | 10-12 | 13-15 || total
-------------------------+-------+-------+-------+-------+-------++-------
Melee: Unarmed           |    10 |       |       |       |       ||    10
       Bite              |     7 |     3 |    84 |    77 |    70 ||   241
       Dagger            |    14 |    26 |   717 |   658 |   609 ||  2024
       Whip              |     1 |       |       |       |       ||     1
       Short sword       |       |    40 |    73 |       |       ||   113
 Cast: Pain              |    61 |    97 |   182 |   166 |    33 ||   539
       Animate Skeleton  |     6 |    14 |     9 |     6 |     1 ||    36
       Vampiric Draining |       |     8 |    39 |   106 |    30 ||   183
       Regeneration      |       |     1 |    53 |    26 |    27 ||   107
       Confusing Touch   |       |       |     5 |       |       ||     5
       Confuse           |       |       |     7 |     7 |     2 ||    16
       Control Undead    |       |       |     6 |     2 |       ||     8
       Animate Dead      |       |       |     2 |    19 |    20 ||    41
       Fulminant Prism   |       |       |       |     1 |     1 ||     2
       Iskenderun's Myst |       |       |       |       |     2 ||     2
Invok: Curse Item        |       |     2 |     5 |     1 |       ||     8
 Abil: End Transformatio |       |       |     2 |     3 |     1 ||     6
       Bat Form          |       |       |     2 |     3 |     1 ||     6
Evoke: Rod               |     1 |     1 |       |       |       ||     2
       Wand              |       |     4 |     2 |     2 |     2 ||    10
  Use: Potion            |     2 |     3 |    27 |    24 |    11 ||    67
       Scroll            |     2 |     9 |     5 |    12 |     4 ||    32
 Stab: Sleeping          |     1 |       |     3 |     6 |     7 ||    17
       Confused          |       |       |     2 |     3 |     1 ||     6
       Distracted        |       |       |     2 |     5 |     4 ||    11
  Eat: Corpse            |     3 |    11 |       |       |     1 ||    15
Armor: Robe              |     1 |       |       |       |       ||     1
       Leather armour    |     2 |    20 |   207 |   175 |    78 ||   482
Dodge: Dodged            |    15 |    55 |   591 |   573 |   315 ||  1549
